 Dungeon Crawl Stone Soup version 0.28-a0-8-g6e044cfa68 (webtiles) character file.

Game seed: 4333234595226335399

6430 robertstho the Unseen (level 10, -14/72 HPs)
             Began as a Felid Berserker on July 23, 2021.
             Was an Elder of Trog.
             Demolished by a boulder beetle (29 damage)
             ... on level 11 of the Dungeon.
             The game lasted 00:14:00 (8784 turns).

robertstho the Unseen (Felid Berserker)             Turns: 8784, Time: 00:14:00

Health: -14/72     AC:  2    Str: 14    XL:     10   Next: 67%
Magic:  11/11      EV: 26    Int:  9    God:    Trog [****..]
Gold:   597        SH:  0    Dex: 18    Spells: 9/9 levels left
                                        Lives:  0   Deaths: 2

rFire   . . .      SeeInvis +     - Unarmed
rCold   + . .      Faith    .   (shield unavailable)
rNeg    + . .      Spirit   .   (armour unavailable)
rPois   .          Reflect  .   (helmet unavailable)
rElec   .          Harm     .   (cloak unavailable)
rCorr   .          Rampage  .   (gloves unavailable)
Will    +....                   (boots unavailable)
Stlth   ..........              c - amulet of regeneration
HPRegen 1.22/turn               j - ring of protection from cold
MPRegen 0.12/turn               h - ring of positive energy

@: berserking (expiring), studying Stealth, very quick
A: very small, claws 1, fangs 3, see invisible, speed 1, shaggy fur 2, stealthy
paws, no weapons or thrown items, no armour, multi-lived
a: Renounce Religion, Berserk, Trog's Hand, Brothers in Arms


You were on level 11 of the Dungeon.
You worshipped Trog.
Trog was greatly pleased with you.
You visited 1 branch of the dungeon, and saw 11 of its levels.

You collected 597 gold pieces.

Inventory:

Jewellery
 c - an amulet of regeneration (around neck)
 h - a ring of positive energy (right paw)
 j - a ring of protection from cold (left paw)
Wands
 n - a wand of mindburst (15)
 u - a wand of iceblast (3)
 v - a wand of paralysis (7)
Scrolls
 d - a scroll of brand weapon {unknown}
 i - 2 scrolls of magic mapping {unknown}
 l - 2 scrolls of amnesia {unknown}
 q - 2 scrolls of teleportation
 r - a scroll of blinking {unknown}
 s - 6 scrolls of fear
 w - 4 scrolls of fog
Potions
 a - a potion of heal wounds
 b - 4 potions of lignification
 e - 2 potions of flight
 f - 2 potions of magic {unknown}
 g - 5 potions of attraction {unknown}
 k - 4 potions of might {unknown}
 m - a potion of degeneration {unknown}
 o - 2 potions of mutation {unknown}
 p - a potion of haste
 t - 3 potions of curing


   Skills:
 * Level 8.0 Fighting
 * Level 12.5 Dodging
 * Level 17.1 Stealth
 + Level 11.2 Unarmed Combat
 + Level 0.4 Evocations


You had 9 spell levels left.
You didn't know any spells.
Your spell library was empty.

Dungeon Overview and Level Annotations

Branches:
Dungeon (11/15)            Temple (0/1) D:5            Lair (0/6) D:8
    Orc (0/2) D:10

Altars:
Fedhas
Hepliaklqana
Makhleb
Nemelex Xobeh
Trog
Wu Jian
Xom
The Shining One
Beogh

Shops:
D:6 *   D:9 [   D:10 [


Innate Abilities, Weirdness & Mutations

You have sharp claws.
You have razor-sharp teeth.
You have supernaturally acute eyesight. (SInv)
You cover ground quickly. (Speed+)
You are covered in thick fur. (AC +2)
Your paws help you pounce on unaware monsters.
You are incapable of wielding weapons or throwing items.
You cannot wear armour.
You gain extra lives every three experience levels.


Message History

You kill the white ugly thing!
Trog accepts your kill. The boulder beetle closely misses you.
The boulder beetle stops rolling and uncurls.
Your Fighting skill increases to level 8!
Unknown command.
You scratch the boulder beetle.
You bite the boulder beetle, but do no damage.
The boulder beetle is lightly wounded.
You scratch the boulder beetle.
You claw the boulder beetle, but do no damage.
The boulder beetle is lightly wounded.
The boulder beetle barely misses you.
You claw the boulder beetle!
You claw the boulder beetle, but do no damage.
You bite the boulder beetle, but do no damage.
The boulder beetle is moderately wounded.
The yak gores you!
You scratch the boulder beetle but do no damage.
The boulder beetle is moderately wounded.
The boulder beetle closely misses you.
You claw the boulder beetle!
The boulder beetle is moderately wounded.
The yak closely misses you.
You scratch the boulder beetle.
The boulder beetle is heavily wounded.
The boulder beetle bites you!!
* * * LOW HITPOINT WARNING * * *
The yak gores you!
* * * LOW HITPOINT WARNING * * *
You scratch the boulder beetle.
The boulder beetle is heavily wounded.
The boulder beetle completely misses you.
You scratch the boulder beetle.
The boulder beetle is heavily wounded.
The yak completely misses you.
You claw the boulder beetle!
The boulder beetle is heavily wounded.
The boulder beetle bites you!!
You die...

# #. #. #.. #..###
#.B.# #@# #Y#
####Y# #####...Y###
# ...........###
..#
.............##..#
..........##....#
.............##.
.........###.......


You could see a boulder beetle and 3 yaks.

Vanquished Creatures
  Snorg (D:10)
  Erolcha (D:10)
  2 two-headed ogres
  An ugly thing (D:11)
  A manticore (D:8)
  A gargoyle (D:10)
  2 trolls
  A hornet (D:10)
  Sigmund (D:5)
  A wraith (D:10)
  2 wyverns
  13 yaks
  A steam dragon (D:8)
  6 vampire mosquitoes
  2 water moccasins
  9 orc warriors
  3 ice beasts
  A black bear (D:5)
  3 ogres
  5 centaurs
  2 kobold brigands
  2 bullfrogs
  14 killer bees
  5 wights (D:9)
  2 howler monkeys (D:10)
  A centaur zombie (D:8)
  Crazy Yiuf (D:3)
  A hound (D:5)
  A jelly (D:5)
  2 iguanas
  8 orc priests
  2 centaur skeletons
  Jessica (D:3)
  Ijyb (D:3)
  6 orc wizards
  A killer bee zombie (D:6)
  5 adders
  An ufetubus (D:5)
  An adder skeleton (D:4)
  An adder zombie (D:5)
  5 worms
  2 dart slugs
  39 orcs
  3 endoplasms
  5 giant cockroaches
  6 goblins
  7 hobgoblins
  3 jackals (D:3)
  11 kobolds
  2 quokkas
  6 ball pythons
  6 bats
  3 frilled lizards
  5 rats
218 creatures vanquished.

Vanquished Creatures (collateral kills)
  A komodo dragon (D:8)
  An orc warrior (D:10)
  An orc priest (D:8)
  An orc wizard (D:10)
  5 orcs
9 creatures vanquished.

Vanquished Creatures (others)
  An orc (D:7)
  26 plants (D:8)
27 creatures vanquished.

Grand Total: 254 creatures vanquished

Notes
Turn   | Place    | Note
-------+----------+-------------------------------------------
     0 | D:1      | robertstho the Felid Berserker began the quest for the Orb.
     0 | D:1      | Reached XP level 1. HP: 10/10 MP: 2/2
   544 | D:1      | Found a faded altar of an unknown god.
   564 | D:1      | Reached XP level 2. HP: 14/14 MP: 3/3
  1394 | D:1      | Identified a scroll of acquirement
  1394 | D:1      | Acquired a manual of Stealth
  1455 | D:2      | Reached skill level 1 in Stealth
  1494 | D:2      | Reached XP level 3. HP: 17/17 MP: 4/4
  1535 | D:2      | Reached ** piety under Trog
  1810 | D:2      | Reached skill level 2 in Stealth
  1810 | D:2      | Reached XP level 4. HP: 19/21 MP: 5/5
  1904 | D:2      | Reached skill level 5 in Dodging
  2028 | D:3      | Noticed Jessica
  2029 | D:3      | Noticed a kobold brigand
  2034 | D:3      | Killed Jessica
  2035 | D:3      | Reached skill level 3 in Stealth
  2047 | D:3      | Killed a kobold brigand
  2048 | D:3      | Reached skill level 4 in Stealth
  2048 | D:3      | Reached XP level 5. HP: 14/25 MP: 6/6
  2252 | D:3      | Noticed Ijyb
  2263 | D:3      | Killed Ijyb
  2325 | D:3      | Found a runed translucent door.
  2326 | D:3      | Noticed Crazy Yiuf
  2714 | D:3      | Killed Crazy Yiuf
  3025 | D:4      | Gained mutation: You are covered in thick fur. (AC +2)
                  | [Felid growth]
  3025 | D:4      | Reached XP level 6. HP: 28/28 MP: 7/7
  3124 | D:5      | Entered Level 5 of the Dungeon
  3272 | D:5      | Reached skill level 5 in Stealth
  3339 | D:5      | Noticed Sigmund
  3355 | D:5      | Killed Sigmund
  3356 | D:5      | Reached skill level 6 in Stealth
  3356 | D:5      | Reached skill level 5 in Unarmed Combat
  3398 | D:5      | Noticed an ice beast
  3418 | D:5      | Killed an ice beast
  3419 | D:5      | Reached skill level 7 in Stealth
  3419 | D:5      | Reached XP level 7. HP: 24/33 MP: 8/8
  3572 | D:5      | Reached *** piety under Trog
  3591 | D:5      | Found a bloodstained altar of Trog.
  3598 | D:5      | Reached skill level 8 in Stealth
  3806 | D:5      | Found a staircase to the Ecumenical Temple.
  4162 | D:6      | Reached skill level 9 in Stealth
  4288 | D:6      | Noticed a vampire mosquito
  4348 | D:6      | Noticed a vampire mosquito
  4356 | D:6      | Killed a vampire mosquito
  4357 | D:6      | Reached XP level 8. HP: 36/36 MP: 9/9
  4365 | D:6      | Reached skill level 5 in Fighting
  4365 | D:6      | Reached skill level 10 in Stealth
  4457 | D:6      | Found Goluub's Overcharged Wands.
  4500 | D:6      | Reached skill level 11 in Stealth
  4522 | D:6      | Reached XP level 9. HP: 40/40 MP: 10/10
  4693 | D:6      | Noticed a troll
  4703 | D:6      | HP: 3/61 [troll (10)]
  4704 | D:6      | Killed a troll
  5254 | D:7      | Reached skill level 12 in Stealth
  5596 | D:7      | Found a sparkling altar of Nemelex Xobeh.
  5596 | D:7      | Found a shimmering altar of Xom.
  5679 | D:7      | Found a burning altar of Makhleb.
  5688 | D:7      | Reached **** piety under Trog
  5993 | D:8      | Reached skill level 13 in Stealth
  5993 | D:8      | Found a blossoming altar of Fedhas.
  6091 | D:8      | Noticed a komodo dragon
  6095 | D:8      | Found a staircase to the Lair.
  6113 | D:8      | Killed a komodo dragon
  6156 | D:8      | Reached XP level 10. HP: 45/46 MP: 11/11
  6189 | D:8      | Reached skill level 10 in Dodging
  6463 | D:8      | Reached skill level 14 in Stealth
  6566 | D:8      | Noticed a two-headed ogre
  6570 | D:8      | Killed a two-headed ogre
  6571 | D:8      | Noticed a manticore
  6578 | D:8      | Slain by a manticore
  6579 | D:8      | Reached XP level 9. HP: -5/63 MP: 10/10
  6614 | D:8      | Killed a manticore
  6615 | D:8      | Reached skill level 15 in Stealth
  6898 | D:8      | Found an ornate altar of the Wu Jian Council.
  7152 | D:9      | Found a glowing golden altar of the Shining One.
  7407 | D:9      | Found Cepu's Antique Armour Shoppe.
  7436 | D:9      | Reached XP level 10. HP: 27/47 MP: 11/11
  7827 | D:10     | Entered Level 10 of the Dungeon
  7856 | D:10     | Reached skill level 10 in Unarmed Combat
  7887 | D:10     | Noticed a two-headed ogre
  7890 | D:10     | Killed a two-headed ogre
  7891 | D:10     | Reached skill level 16 in Stealth
  7902 | D:10     | Noticed Snorg
  7909 | D:10     | Killed Snorg
  8056 | D:10     | Noticed Erolcha
  8058 | D:10     | Noticed a gargoyle
  8073 | D:10     | Mangled by a gargoyle
  8074 | D:10     | Reached XP level 9. HP: -8/64 MP: 10/10
  8197 | D:10     | Found Unesir's Antique Armour Emporium.
  8244 | D:10     | Reached XP level 10. HP: 33/47 MP: 11/11
  8292 | D:10     | Found a hazy altar of Hepliaklqana.
  8294 | D:10     | Found a faded altar of an unknown god.
  8305 | D:10     | Killed a gargoyle
  8332 | D:10     | Found a staircase to the Orcish Mines.
  8472 | D:10     | Killed Erolcha
  8737 | D:11     | Noticed a five-headed hydra
  8758 | D:11     | Noticed a white ugly thing
  8766 | D:11     | Reached skill level 17 in Stealth
  8770 | D:11     | Noticed a boulder beetle
  8775 | D:11     | Killed a white ugly thing
  8784 | D:11     | Demolished by a boulder beetle

Illustrated notes

Levels and vault maps discovered:
D:1:      sevenhm_arrival_forest_fort_large_3, layout_loops_corners,
          hellmonk_ecumenical_altar_run_dry, minmay_split_cup_small
D:2:      layout_rooms, minmay_shallow_snake_nest
D:3:      layout_loops_ring, uniq_jessica, uniq_crazy_yiuf_cottage, uniq_ijyb
D:4:      layout_rooms
D:5:      layout_cave_pods, mainiacjoe_overflow_24_doors,
          minmay_temple_entry_poolview, amcnicky_mini_pool_small, uniq_sigmund
D:6:      layout_loops_ring, nicolae_shop_overcharged_wands
D:7:      layout_loops_cross, gammafunk_temple_overflow_forgotten,
          palyth_stone_intersect
D:8:      layout_basic, nzn_wu_jian_council_hall, fedhas_altar_2,
          david_lair_shrubbed, minmay_manual_mail
D:9:      layout_rooms, mainiacjoe_overflow_catwalk, serial_shops,
          nicolae_shop_behind_doors, nicolae_straight_to_the_point
D:10:     layout_cave_pools, beargit_hepliaklqana_dungeon_heroes,
          minmay_orc_entry_temple_large, serial_shops,
          nicolae_shop_overgrown_old_shop, serial_column_ruins,
          column_ruins_hut_pillars, column_ruins_open_small,
          column_ruins_columns_straight, column_ruins_grid_1,
          column_ruins_open_medium, column_ruins_columns_dead_end,
          column_ruins_columns_dead_end, column_ruins_corridor_T, uniq_erolcha,
          uniq_snorg
D:11:     layout_rooms, serial_curves, eino_curves_02, eino_curves_04,
          serial_shops, nicolae_take_the_stairs

Skill      XL: |  1  2  3  4  5  6  7  8  9 10 |
---------------+-------------------------------+-----
Stealth        | 1 2 4 7 9 11 15 17 | 17.1
Dodging        | 5 6 7 8 11 12 | 12.5
Unarmed Combat | 4 5 6 7 9 11 | 11.2
Fighting       | 4 5 7 8 |  8.0
Evocations     | |  0.4

Action                   |  1- 3 |  4- 6 |  7- 9 | 10-12 || total
-------------------------+-------+-------+-------+-------++-------
Melee: Unarmed           |   105 |   141 |   321 |   168 ||   735
       Bite              |    12 |    15 |    45 |    23 ||    95
       Punch             |     3 |     3 |    15 |    13 ||    34
Invok: Berserk           |     1 |     5 |    13 |     7 ||    26
       Trog's Hand       |       |     1 |     3 |     2 ||     6
       Brothers in Arms  |       |       |     1 |     1 ||     2
Evoke: Wand              |       |       |     4 |       ||     4
  Use: Scroll            |     3 |       |     4 |     5 ||    12
       Potion            |       |       |     3 |       ||     3
 Stab: Sleeping          |     2 |     6 |    12 |     9 ||    29
       Distracted        |       |     2 |     4 |     1 ||     7
Armor: Skin              |     4 |     4 |    16 |     7 ||    31
Dodge: Dodged            |    75 |    89 |   326 |   200 ||   690

Table legend: (Time is in decaauts)
 A = Elapsed time spent in this place.
 B = Non-inter-level travel time spent in this place.
 C = Inter-level travel time spent in this place.
 D = Time resting spent in this place.
 E = Time spent auto-exploring this place.
 F = Levels seen in this place.
 G = Mean time per level.
                   A        B        C        D        E       F      G
               +--------+--------+--------+--------+--------+-----+--------+
         Total |   7489 |   7193 |    296 |    549 |   5116 |  11 |  680.8 |
       Dungeon |   7489 |   7193 |    296 |    549 |   5116 |  11 |  680.8 |
               +--------+--------+--------+--------+--------+-----+--------+

Top non-repeatable levels by time:
     D:1: 1267 daAuts
     D:8: 1010 daAuts
     D:6: 876 daAuts
     D:5: 850 daAuts
    D:10: 717 daAuts
     D:3: 671 daAuts
     D:9: 656 daAuts
     D:7: 656 daAuts
     D:2: 440 daAuts
     D:4: 305 daAuts
    D:11: 37 daAuts
